 Dungeon Crawl Stone Soup version 0.29.1-1-gd02db6906a (webtiles) character file.

Game seed: 18244706911648911682

3717 bwicke the Demolition Demonspawn (level 9, -23/74 HPs)
             Began as a Demonspawn Wanderer on Oct 19, 2022.
             Was an Elder of Makhleb.
             Annihilated by an orc warrior
             ... wielding a +2 halberd of holy wrath
              (27 damage)
             ... on level 7 of the Dungeon.
             The game lasted 00:36:32 (8683 turns).

bwicke the Demolition Demonspawn (DsWn)             Turns: 8683, Time: 00:36:35

Health: -23/74     AC: 10    Str: 13    XL:     9   Next: 92%
Magic:  17/17      EV: 10    Int: 13    God:    Makhleb [****..]
Gold:   341        SH:  4    Dex: 17    Spells: 12/12 levels left

rFire   . . .      SeeInvis .   b - +4 falchion
rCold   . . .      Faith    .   (no shield)
rNeg    . . .      Spirit   .   F - +1 ring mail {Will+}
rPois   .          Reflect  .   g - +2 helmet
rElec   .          Harm     .   (no cloak)
rCorr   .          Rampage  .   (no gloves)
Will    ++...      Clarity  +   (no boots)
Stlth   +.........              (no amulet)
HPRegen 0.22/turn               R - ring of willpower
MPRegen 0.15/turn               (no ring)

@: no status effects
A: hooves 1, foul stench 2, spiny 1, sharp scales 1, large bone plates 1,
clarity
a: Renounce Religion, Minor Destruction, Lesser Servant of Makhleb, Major
Destruction


You were on level 7 of the Dungeon.
You worshipped Makhleb.
Makhleb was greatly pleased with you.
You visited 2 branches of the dungeon, and saw 8 of its levels.
You also visited: Ossuary.

You collected 416 gold pieces.
You spent 75 gold pieces at shops.

Inventory:

Hand Weapons
 a - a +2 sling
 b - a +4 falchion (weapon)
 e - a +0 dagger of distortion
 f - a +1 vorpal scythe
 i - a +0 dagger of draining
 m - a +1 vampiric whip
 p - a +2 vorpal flail
 q - a +1 hand axe of venom
 t - a +2 hand axe
 u - a +0 whip of flaming
 B - a +2 battleaxe
Missiles
 k - 3 javelins
 v - a throwing net
 D - 30 poisoned darts
Armour
 g - a +2 helmet (worn)
 l - a +1 robe of resistance
 y - a +2 plate armour of fire resistance
 F - a +1 ring mail of willpower (worn)
 M - +0 steam dragon scales
Jewellery
 R - a ring of willpower (left hand)
Wands
 N - a wand of paralysis (5)
 Q - a wand of roots (11)
Scrolls
 c - 2 scrolls of fear
 d - a scroll of fog
 j - 7 scrolls of teleportation
 o - a scroll of poison
 s - a scroll of enchant armour
 A - 2 scrolls of enchant weapon
 C - a scroll of immolation
 E - 2 scrolls of vulnerability
 H - 2 scrolls of magic mapping
 J - a scroll of amnesia
 O - a scroll of identify
 S - a scroll of blinking
Potions
 h - 3 potions of brilliance
 n - 3 potions of attraction
 r - 4 potions of flight
 w - 2 potions of haste
 z - a potion of heal wounds
 G - a potion of berserk rage
 I - a potion of magic
 K - a potion of mutation
 L - a potion of curing
 P - a potion of might {unknown}
Miscellaneous
 x - a piece from Xom's chessboard (15/15)


   Skills:
 - Level 8.0 Fighting
 + Level 4.2 Long Blades
 - Level 6.9 Ranged Weapons
 - Level 1.0 Dodging
 - Level 2.0 Spellcasting
 - Level 11.0 Invocations
 - Level 2.0 Evocations


You had 12 spell levels left.
You didn't know any spells.
Your spell library contained the following spells:

 Spells                   Type           Power      Damage    Failure   Level
 Magic Dart               Conj           4%         1d3       50%         1
 Sandblast                Erth           2%         2d4       50%         1
 Shock                    Conj/Air       4%         1d3       50%         1
 Blink                    Tloc           2%         N/A       63%         2
 Call Imp                 Summ           1%         N/A       63%         2
 Passwall                 Tmut/Erth      0%         N/A       63%         2
 Wereblood                Tmut           1%         N/A       63%         2
 Lesser Beckoning         Tloc           1%         N/A       86%         3
 Mephitic Cloud           Conj/Pois/Air  1%         N/A       86%         3
 Swiftness                Air            1%         N/A       86%         3
 Airstrike                Air            0%         2d(1-17)  99%         4
 Manifold Assault         Tloc           1%         N/A       100%        5


Dungeon Overview and Level Annotations

Branches:
Dungeon (7/15)             Temple (1/1) D:6         Ossuary (visited)

Altars:
Ashenzari
Cheibriados
Dithmenos
Fedhas
Gozag
Hepliaklqana
Kikubaaqudgha
Makhleb
Nemelex Xobeh
Okawaru
Qazlal
Ru
Sif Muna
Trog
Uskayaw
Vehumet
Wu Jian
Xom
Yredelemnul

Shops:
D:1 *   D:4 [


Innate Abilities, Weirdness & Mutations

You have large cloven feet.
You sometimes emit foul miasma when damaged in melee.
You are partially covered in sharp spines.
You are partially covered in razor-sharp scales. (AC +1, Slay +1)
You are partially covered in large bone plates. (SH +4)
You possess an exceptional clarity of mind.


Message History

You shoot a sling bullet. The sling bullet hits the orc warrior!
The orc warrior is heavily wounded.
You block the orc warrior's attack.
You shoot a sling bullet.
The sling bullet barely misses the orc warrior.
The sling bullet hits the orc!
You kill the orc!
Makhleb accepts your kill.
You feel better.
The orc warrior hits you from afar with a +2 halberd of holy wrath.
You convulse!
The orc attacks as you move away! The orc barely misses you.
The orc attacks as you move away! The orc is struck by your spines.
The orc hits you with a +0 war axe.
You emit a cloud of foul miasma!
The orc is engulfed in dark miasma.
The orc is poisoned.
You kill the orc!
Makhleb accepts your kill.
You feel better.
You shoot a sling bullet.
The sling bullet hits the orc warrior but does no damage.
The orc warrior is heavily wounded.
You shoot a sling bullet.
The sling bullet barely misses the orc warrior.
The orc warrior hits you from afar with a +2 halberd of holy wrath!
You convulse!
b - a +4 falchion (weapon)
The orc warrior hits you with a +2 halberd of holy wrath.
You convulse.
* * * LOW HITPOINT WARNING * * *
You closely miss the orc warrior.
You kick the orc warrior, but do no damage.
The orc warrior is heavily wounded.
The orc warrior misses you.
You closely miss the orc warrior.
You kick the orc warrior, but do no damage.
The orc warrior is heavily wounded.
The orc warrior hits you with a +2 halberd of holy wrath!!
* * * LOW HITPOINT WARNING * * *
You convulse!!
You die...

..#### .......##.....##
#...
.#.###.##......#####...
#.# #.##.........##...
#.##.....###..####
#.######## ##..# # #.#
##########.# # #.#
#.......##.### #.#
#............# #@#
#........#.#.#
######o###........#...#
#....°............##..#
#.....................#
#.................###.#
....)...........#.#.#
#..
...).....†......#.#.#
##.
....###########.#.#<#
#^ .... #.#.#### #(


You could see an orc warrior.

Vanquished Creatures
  Pikel (D:3)
  Prince Ribbit (D:5)
  Sigmund (D:6)
  2 wraiths (Ossuary)
  Eustachio (D:5)
  A steam dragon (D:6)
  Edmund (D:5)
  2 ice beasts
  2 sky beasts (D:7)
  3 black bears
  3 ogres
  A lemure (D:4)
  A phantom (D:7)
  A kobold brigand (D:6)
  A scorpion (D:7)
  2 necrophages
  3 wights (Ossuary)
  2 howler monkeys
  3 jellies
  A centaur zombie (Ossuary)
  A gnoll bouda (D:5)
  An orc priest (D:4)
  5 hounds
  An iguana (D:6)
  4 orc wizards
  6 adders
  8 gnolls
  9 river rats (D:6)
  A shadow imp (D:6)
  2 white imps
  An ufetubus (D:4)
  An adder zombie (Ossuary)
  30 orcs
  6 ball pythons
  4 bats
  11 endoplasms
  4 giant cockroaches (D:1)
  4 goblins
  6 hobgoblins (D:2)
  4 jackals (D:1)
  9 kobolds
  8 quokkas
  4 frilled lizards
  3 hobgoblin skeletons (Ossuary)
  3 hobgoblin zombies (Ossuary)
  A kobold zombie (Ossuary)
  20 rats
190 creatures vanquished.

Vanquished Creatures (others)
  35 plants (D:4)
35 creatures vanquished.

Grand Total: 225 creatures vanquished

Notes
Turn   | Place    | Note
-------+----------+-------------------------------------------
     0 | D:1      | bwicke the Demonspawn Wanderer began the quest for the Orb.
     0 | D:1      | bwicke set off with the following items: a +2 sling, a
                  | piece from Xom's chessboard (15/15), a scroll of fear, a +0
                  | robe; and the following spells available to memorise:
                  | Passwall, Wereblood.
     0 | D:1      | Reached XP level 1. HP: 16/16 MP: 3/3
   141 | D:1      | Gained mutation: You have large cloven feet. [demonic
                  | ancestry]
   141 | D:1      | Reached XP level 2. HP: 15/22 MP: 5/5
  1000 | D:1      | Found Coikoj's Assorted Antiques.
  1014 | D:1      | Bought a scroll labelled PALIUD NACVOEM for 25 gold pieces
  1014 | D:1      | Bought a scroll labelled VONAOMO RISA for 25 gold pieces
  1014 | D:1      | Bought a scroll labelled VONAOMO RISA for 25 gold pieces
  1119 | D:1      | Reached XP level 3. HP: 27/27 MP: 6/6
  1511 | D:2      | Found a faded altar of an unknown god.
  1532 | D:2      | Prayed at the altar of an unknown god.
  1532 | D:2      | Became a worshipper of Makhleb the Destroyer
  1532 | D:2      | Reached * piety under Makhleb
  2044 | D:3      | Gained mutation: You are partially covered in razor-sharp
                  | scales. (AC +1, Slay +1) [demonic ancestry]
  2044 | D:3      | Reached XP level 4. HP: 33/33 MP: 7/7
  2049 | D:3      | Found a bloodstained altar of Trog.
  2074 | D:3      | Found a shimmering blue altar of Sif Muna.
  2085 | D:3      | Got Sif Muna's Papyrus of Silt
  2120 | D:3      | Found an ancient bone altar of Kikubaaqudgha.
  2463 | D:3      | Reached skill level 5 in Ranged Weapons
  2832 | D:4      | Noticed Pikel
  2832 | D:4      | Noticed a lemure
  2832 | D:4      | Noticed a lemure
  2833 | D:4      | Noticed a lemure
  2836 | D:4      | Noticed a lemure
  2895 | D:4      | Noticed a black bear
  2909 | D:4      | Killed a black bear
  2909 | D:4      | Reached ** piety under Makhleb
  2910 | D:4      | Reached XP level 5. HP: 23/38 MP: 8/8
  3030 | D:4      | Noticed an ogre
  3147 | D:4      | Gained mutation: You may rarely emit foul miasma when
                  | damaged in melee. [demonic ancestry]
  3147 | D:4      | Reached XP level 6. HP: 33/44 MP: 9/9
  3247 | D:4      | Reached skill level 1 in Invocations
  3288 | D:4      | HP: 2/40 [something/puff of flame (6)]
  3294 | D:4      | Reached skill level 2 in Invocations
  3350 | D:4      | Reached skill level 3 in Invocations
  3351 | D:4      | Reached skill level 4 in Invocations
  3612 | D:4      | Found Uqopir's Armour Shop.
  3651 | D:3      | HP: 1/44 [Pikel/+0 whip of flaming (3)]
  3718 | D:3      | Killed Pikel
  3719 | D:3      | Reached skill level 8 in Invocations
  3719 | D:3      | Reached XP level 7. HP: 17/50 MP: 9/13
  4454 | D:5      | Entered Level 5 of the Dungeon
  4454 | D:5      | Noticed Edmund
  4462 | D:5      | Killed Edmund
  4463 | D:5      | Gained mutation: You sometimes emit foul miasma when
                  | damaged in melee. [demonic ancestry]
  4463 | D:5      | Reached XP level 8. HP: 49/58 MP: 14/14
  4467 | D:5      | Noticed Eustachio
  4490 | D:5      | Killed Eustachio
  4651 | D:5      | Reached skill level 5 in Fighting
  4740 | D:5      | Noticed Prince Ribbit
  4750 | D:5      | Killed Prince Ribbit
  4881 | D:5      | Found a shimmering altar of Xom.
  4893 | D:5      | Found a snail-covered altar of Cheibriados.
  4902 | D:5      | Found a shadowy altar of Dithmenos.
  5232 | D:5      | Found a blossoming altar of Fedhas.
  5259 | D:5      | Found a hide-covered altar of Uskayaw.
  5408 | D:5      | Found a basalt altar of Yredelemnul.
  5763 | D:6      | Found a staircase to the Ecumenical Temple.
  5778 | Temple   | Entered the Ecumenical Temple
  5962 | D:6      | Noticed Sigmund
  5989 | D:6      | Gained mutation: You are partially covered in large bone
                  | plates. (SH +4) [potion of mutation]
  5989 | D:6      | Gained mutation: You possess an exceptional clarity of
                  | mind. [potion of mutation]
  6317 | D:6      | Killed Sigmund
  6318 | D:6      | Gained mutation: You are partially covered in sharp spines.
                  | [demonic ancestry]
  6318 | D:6      | Reached XP level 9. HP: 69/73 MP: 15/15
  6357 | D:6      | Found a sand-covered staircase.
  6361 | Ossuary  | Entered an ossuary
  6662 | Ossuary  | Reached *** piety under Makhleb
  6772 | Ossuary  | Reached skill level 9 in Invocations
  7158 | D:6      | Reached skill level 10 in Invocations
  8070 | D:7      | Reached skill level 11 in Invocations
  8102 | D:7      | Reached **** piety under Makhleb
  8103 | D:7      | Reached skill level 1 in Long Blades
  8683 | D:7      | Annihilated by an orc warrior

Illustrated notes

Levels and vault maps discovered:
D:1:      minmay_arrival_loop, layout_rooms, serial_shops,
          nicolae_shop_waterfront
D:2:      layout_rooms, hellmonk_ecumenical_altar_inner_sanctum,
          chequers_serial_rivers_micro_a
D:3:      layout_loops_corners, nzn_overflow_gifts_of_might_and_magic,
          kiku_gazebo_pond_becter
D:4:      layout_basic, serial_bayou, serial_bayou_crossing,
          serial_bayou_pond_c, serial_bayou_lagoon_b, serial_bayou_ford_a,
          serial_shops, nicolae_shop_advertising_works
          [nicolae_subvault_shop_adworks], uniq_pikel
D:5:      layout_rooms, nicolae_uskayaw_suspiria, kennysheep_mini_moat,
          grunt_temple_overflow_cloverleaf, uniq_prince_ribbit1, uniq_eustachio,
          uniq_edmund
D:6:      lemuel_ratsnest, layout_gridville, minmay_temple_entry_ruins,
          nicolae_ossuary_entry_plus, uniq_sigmund
D:7:      layout_basic
Temple:   nicolae_temple_bog_church

Skill      XL: |  1  2  3  4  5  6  7  8  9 |
---------------+----------------------------+-----
Ranged Weapons | 3 4 5 6 |  6.9
Invocations    | 8 11 | 11.0
Fighting       | 3 7 8 |  8.0
Long Blades    | 4 |  4.2
Dodging        | |  1.0
Spellcasting   | |  2.0
Evocations     | |  2.0

Action                   |  1- 3 |  4- 6 |  7- 9 || total
-------------------------+-------+-------+-------++-------
Melee: Dagger            |     6 |       |       ||     6
       Kick              |     1 |    13 |    76 ||    90
       Hand axe          |       |    29 |    80 ||   109
       Whip              |       |    10 |    16 ||    26
       Punch             |       |       |     2 ||     2
       Falchion          |       |       |   129 ||   129
       Flail             |       |       |     9 ||     9
 Fire: Sling             |   157 |   114 |    87 ||   358
Invok: Minor Destruction |       |     2 |    21 ||    23
Evoke: Piece from Xom's  |       |       |     1 ||     1
  Use: Scroll            |     8 |     6 |    11 ||    25
       Potion            |       |     1 |     4 ||     5
 Stab: Sleeping          |       |       |     1 ||     1
Armor: Robe              |    17 |       |       ||    17
       Animal skin       |       |    22 |     4 ||    26
       Ring mail         |       |       |   105 ||   105
       Skin              |       |       |    27 ||    27
Dodge: Dodged            |    61 |    54 |   120 ||   235
Block: Other             |       |       |    22 ||    22
